AoeStats
← Le Cronache di N'Ernia

Black Forest

508956618Analyzed
4v4 RM · 7d ago on Sep 24, 2026· 51m 38s· 8 players
Game mode
Random Map
Map size
Large (8 player)
Population
200
Speed
Normal
Resources
Standard
Victory
Conquest
Starting age
Dark Age
Ending age
Imperial Age
RankedLock teamsTeams togetherTeam positionsShared explorationLock speedFull tech treeHidden civsTurbo modeCheats
Victory
Defeat
🇬🇧 Burmese · United Kingdom
1747
+5
🇵🇹 Cumans · Portugal
1531
+11
🇨🇴 Khitans · Colombia
1510
+12
🇨🇳 Vikings · China
1441
+14
🇨🇭 Tatars · Switzerland
1602
-17
🇮🇹 Lithuanians · Italy
1508
-13
🇮🇹 Hindustanis · Italy
1316
-7
1244
-5
Lena
6:21 Loom
9:02 Feudal Age
9:50 Man-at-Arms
12:42 Double-Bit Axe
16:16 Domestication
21:17 Castle Age
19:33 Gold Mining
20:18 Fishing Lines
22:31 Wheelbarrow
21:42 Town Watch
22:17 Bow Saw
23:48 Town Watch
24:12 Gillnets
25:20 Pastoralism
28:34 Stone Mining
31:51 Imperial Age
31:19 Treadmill Crane
31:56 Town Patrol
32:11 Hand Cart
32:03 Scale Mail Armor
33:03 Stone Shaft Mining
33:33 Forging
33:45 Chain Mail Armor
33:41 Forging
33:54 Conscription
35:58 Lamellar Armor
36:30 Plate Mail Armor
36:55 Sanctity
36:42 Elite Liao Dao
38:54 Two-Man Saw
39:05 Iron Casting
38:54 Squires
38:40 Gambesons
38:42 Arson
40:04 Transhumance
39:48 Guilds
40:04 Fletching
40:23 Town Patrol
41:00 Coinage
40:43 Fervor
41:32 Bodkin Arrow
42:14 Banking
42:18 Bracer
42:27 Siege Engineers
43:23 Murder Holes
43:49 Ballistics
44:30 Chemistry
44:38 Masonry
46:37 Heavy Rocket Cart
freedom is not free
12:28 Feudal Age
13:02 Fishing Lines
13:48 Horse Collar
20:33 Castle Age
21:12 Double-Bit Axe
21:29 Gillnets
22:41 Bow Saw
22:46 Loom
22:51 Town Watch
24:22 Gold Mining
27:19 Gold Shaft Mining
27:07 Squires
31:04 Imperial Age
28:21 Crossbowman
31:21 Stone Mining
31:35 Padded Archer Armor
31:26 Fletching
31:29 Arbalester
32:32 Town Patrol
32:19 Treadmill Crane
32:47 Siege Engineers
33:03 Ballistics
33:44 Chemistry
33:09 Conscription
33:20 Bodkin Arrow
33:40 Leather Archer Armor
33:46 Bogsveigar
35:02 Masonry
36:04 Bracer
36:35 Ring Archer Armor
39:04 Architecture
42:47 Elite Varangian Guard
43:13 Arson
43:36 Scale Mail Armor
43:47 Forging
44:25 Chieftains
45:53 Chain Mail Armor
46:14 Iron Casting
48:31 Plate Mail Armor
49:02 Blast Furnace
47:52 Pikeman
Savitar_pt
1:12 Loom
11:47 Feudal Age
13:07 Man-at-Arms
24:14 Castle Age
25:57 Scale Barding Armor
27:32 Double-Bit Axe
27:34 Horse Collar
29:29 Chain Barding Armor
30:12 Fishing Lines
33:05 Bow Saw
34:36 Fletching
34:41 Gillnets
35:40 Bodkin Arrow
37:11 Bloodlines
37:04 Padded Archer Armor
40:03 Imperial Age
38:08 Ballistics
37:59 Steppe Husbandry
38:18 Leather Archer Armor
40:30 Elite Kipchak
42:40 Chemistry
43:07 Ring Archer Armor
42:45 Thumb Ring
43:09 Conscription
42:59 Light Cavalry
44:16 Plate Barding Armor
44:28 Parthian Tactics
45:07 Forging
45:46 Hussar
47:03 Iron Casting
48:44 Clinker Construction
50:18 Heavy Plow
50:55 Wheelbarrow
50:29 Cuman Mercenaries
50:30 Steppe Husbandry
Torpedo
4:47 Loom
9:11 Feudal Age
14:36 Forging
14:30 Horse Collar
18:01 Wheelbarrow
22:39 Castle Age
20:45 Stone Mining
20:45 Gold Mining
22:26 Padded Archer Armor
23:30 Fletching
23:43 Fishing Lines
25:14 Gold Shaft Mining
24:55 Bodkin Arrow
26:36 Fervor
26:22 Town Watch
28:33 Bloodlines
28:23 Husbandry
28:56 Ballistics
29:40 Gillnets
32:58 Imperial Age
32:52 Hand Cart
33:34 Masonry
35:15 Architecture
36:38 Conscription
39:17 Siege Engineers
40:13 Chemistry
39:09 Murder Holes
39:19 Elite Arambai
39:41 Treadmill Crane
46:01 Bracer
47:59 Theocracy
47:49 Illumination
47:40 Block Printing
Le Cronache di N'Ernia
11:02 Feudal Age
14:58 Castle Age
12:50 Double-Bit Axe
13:51 Horse Collar
16:08 Bow Saw
21:23 Fishing Lines
22:04 Heavy Plow
23:00 Wheelbarrow
22:28 Gillnets
24:08 Stone Mining
25:40 Hand Cart
31:24 Imperial Age
28:40 Loom
28:41 Town Watch
28:58 Scale Mail Armor
29:08 Forging
29:49 Town Patrol
30:06 Chain Mail Armor
30:26 Iron Casting
30:28 Gold Mining
31:17 Stone Shaft Mining
31:49 Gold Shaft Mining
31:33 Gambesons
31:49 Squires
31:35 Arson
32:39 Plate Mail Armor
33:09 Blast Furnace
32:12 Bagains
32:33 Conscription
31:39 Capped Ram
34:00 Crop Rotation
33:10 Siege Ram
34:48 Siege Engineers
35:40 Pikeman
37:14 Scale Barding Armor
37:21 Stirrups
37:08 Halberdier
37:22 Light Cavalry
38:12 Bloodlines
38:03 Husbandry
39:04 Hussar
40:06 Chain Barding Armor
41:56 Chemistry
40:42 Heavy Scorpion
41:50 Ballistics
47:56 Plate Barding Armor
Spada_Arancio
6:59 Loom
9:22 Feudal Age
10:50 Feudal Age
14:35 Fletching
16:43 Double-Bit Axe
22:48 Castle Age
21:28 Horse Collar
25:54 Bow Saw
35:51 Wheelbarrow
37:26 Heavy Plow
44:38 Hand Cart
47:44 Imperial Age
50:34 Chemistry
49:58 Shatagni
50:51 Conscription
GdR_Nataniele05
6:23 Loom
11:32 Feudal Age
15:09 Castle Age
13:40 Double-Bit Axe
14:53 Fishing Lines
16:00 Gillnets
28:15 Wheelbarrow
28:34 Bow Saw
28:05 Horse Collar
28:18 Gold Mining
28:18 Stone Mining
33:05 Imperial Age
30:33 Fletching
31:09 Bodkin Arrow
31:15 Padded Archer Armor
31:16 Husbandry
31:27 Bloodlines
32:27 Leather Archer Armor
32:38 Hand Cart
32:20 Town Watch
33:50 Masonry
35:25 Chemistry
34:48 Ballistics
34:36 Siege Engineers
34:42 Fortified Wall
34:35 Heavy Cavalry Archer
36:00 Bracer
37:22 Conscription
38:09 Guilds
38:56 Ring Archer Armor
41:23 Silk Armor
42:24 Coinage
45:32 Banking
48:46 Elite Skirmisher
HSL | Faquilanoob
4:27 Loom
9:23 Feudal Age
10:59 Double-Bit Axe
17:50 Horse Collar
21:14 Castle Age
18:58 Fishing Lines
20:39 Fishing Lines
22:13 Bow Saw
22:22 Gillnets
24:13 Wheelbarrow
26:21 Hand Cart
26:03 Gold Mining
26:05 Stone Mining
27:17 Town Watch
27:58 Bloodlines
27:49 Husbandry
27:27 Light Cavalry
33:41 Imperial Age
31:36 Scale Barding Armor
31:41 Forging
32:59 Chain Barding Armor
34:18 Iron Casting
34:10 Fletching
34:43 Ballistics
35:23 Chemistry
35:03 Conscription
36:41 Two-Man Saw
36:17 Stone Shaft Mining
37:03 Chemistry
36:22 Masonry
37:23 Plate Barding Armor
38:56 Winged Hussar
Connection lost

Rejoining the realm…

Still unreachable

The connection could not be restored.

Session expired

The server has moved on; the page needs a fresh start.